 Dungeon Crawl Stone Soup version 0.30.0-5-g1a98f26d00 (webtiles) character file.

Game seed: 8531245424963431943

183109 Strat the Brawler (level 18, -2/96 HPs)
             Began as a Vine Stalker Fire Elementalist on May 8, 2023.
             Was the Champion of Okawaru.
             Constricted to death by a naga ritualist (4 damage)
             ... on level 4 of the Snake Pit.
             The game lasted 01:27:22 (32478 turns).

Strat the Brawler (Vine Stalker Fire Elementalist) Turns: 32478, Time: 01:27:22

Health: -2/96      AC: 14    Str: 18    XL:     18   Next: 36%
Magic:  0/26       EV: 17    Int: 15    God:    Okawaru [******]
Gold:   870        SH: 20    Dex: 16    Spells: 14/21 levels left

rFire   + +          .
                       - Unarmed
rCold   + + +        P - +2 shield of Resistance {rF++ rC++ Will++}
rNeg    . . .        C - +0 troll leather armour
rPois   +            N - +0 hat of the Old World {rC+ rCorr Int+3}
rElec   .            d - +2 cloak
rCorr   +            B - +0 pair of gloves
SInv    .            a - +2 pair of boots
Will    ++++.        J - amulet of reflection
Stlth   +++          z - ring of Hiuqib {rPois rC- rCorr EV+5 Int-3}
HPRegen 1.96/turn    y - ring of protection from cold
MPRegen 0.20/turn

%: reflection, guardian spirit
@: about to teleport, weakened, constricted
A: fangs 3, regeneration 1, magic shield, antimagic bite, no potion heal 2
a: Renounce Religion, Heroism, Finesse, Duel


You were on level 4 of the Snake Pit.
You worshipped Okawaru.
Okawaru was exalted by your worship.
You visited 5 branches of the dungeon, and saw 27 of its levels.
You also visited: Ice Cave.

You collected 3487 gold pieces.
You spent 2617 gold pieces at shops.

Inventory:

Missiles
 h - 29 poisoned darts
 o - 27 boomerangs
 G - 6 boomerangs of dispersal
 U - 3 silver javelins
Armour
 a - a +2 pair of boots (worn)
 d - a +2 cloak (worn)
 B - a +0 pair of gloves (worn)
 C - a +0 troll leather armour (worn)
 N - the +0 hat of the Old World (worn) {rC+ rCorr Int+3}
   (Okawaru gifted it to you on level 5 of the Lair of Beasts)

   Int:       It affects your intelligence (+3).
   rC:        It protects you from cold.
   rCorr:     It protects you from acid and corrosion.
 P - the +2 shield of Resistance (worn) {rF++ rC++ Will++}
   (You bought it in a shop on level 2 of the Orcish Mines)

   rF:        It greatly protects you from fire.
   rC:        It greatly protects you from cold.
   Will:      It greatly increases your willpower.
 V - a +2 helmet of intelligence
Jewellery
 y - a ring of protection from cold (right hand)
 z - the ring of Hiuqib (left hand) {rPois rC- rCorr EV+5 Int-3}
   (You found it on level 10 of the Dungeon)

   [ring of evasion]

   EV:        It affects your evasion (+5).
   Int:       It affects your intelligence (-3).
   rC:        It makes you vulnerable to cold.
   rPois:     It protects you from poison.
   rCorr:     It protects you from acid and corrosion.
 A - a +4 ring of protection
 F - an amulet of the acrobat
 J - an amulet of reflection (around neck)
 K - a ring of flight
 L - a ring of resist corrosion
 W - a ring of see invisible
Wands
 e - a wand of iceblast (13)
 r - a wand of paralysis (2)
 v - a wand of flame (48)
 w - a wand of acid (6)
 M - a wand of polymorph (12)
Scrolls
 g - a scroll of magic mapping
 i - 4 scrolls of enchant armour
 l - a scroll of brand weapon
 m - 2 scrolls of silence
 n - 8 scrolls of teleportation
 p - 5 scrolls of amnesia
 s - 14 scrolls of identify
 H - a scroll of enchant weapon
 S - a scroll of fog
 T - 2 scrolls of poison
Potions
 b - 3 potions of magic
 c - 13 potions of curing
 f - 4 potions of degeneration
 j - 2 potions of resistance
 k - 4 potions of cancellation
 q - 3 potions of lignification
 t - 3 potions of attraction
 u - 5 potions of heal wounds
 x - 5 potions of brilliance
 D - 4 potions of mutation
 E - 4 potions of might
 Q - 4 potions of haste
 X - a potion of berserk rage


   Skills:
 + Level 11.1 Fighting
 - Level 10.0 Armour
 - Level 8.3 Dodging
 - Level 5.0 Stealth
 - Level 12.5 Shields
 * Level 19.6 Unarmed Combat
 - Level 2.1 Spellcasting
 - Level 1.0 Conjurations
 - Level 3.0 Fire Magic
 - Level 10.0 Invocations
 + Level 6.8 Evocations


You had 14 spell levels left.
You knew the following spells:

 Your Spells              Type           Power      Damage    Failure   Level
a - Foxfire               Conj/Fire      28%        2x1d5     21%         1
b - Scorch                Fire           20%        2d6       21%         2
c - Kiss of Death         Conj/Necr      12%        2d6       36%         1
d - Confusing Touch       Hex            1%         N/A       80%         3

Your spell library contained the following spells:

 Spells                   Type           Power      Damage    Failure   Level
 Apportation              Tloc           2%         N/A       43%         1
 Necrotise                Necr           4%         1d4       43%         1
 Slow                     Hex            4%         N/A       43%         1
 Momentum Strike          Conj/Tloc      6%         3d8       50%         2
 Blink                    Tloc           2%         N/A       56%         2
 Cigotuvi's Dreadful Rot  Necr/Pois/Air  2%         N/A       56%         2
 Lesser Beckoning         Tloc           2%         N/A       56%         2
 Inner Flame              Hex/Fire       6%         N/A       58%         3
 Volatile Blastmotes      Fire/Tloc      12%        2d11      58%         3
 Ignite Poison            Fire/Tmut/Pois 4%         N/A       67%         3
 Dazzling Flash           Conj/Hex       6%         N/A       75%         3
 Hailstorm                Conj/Ice       3%         3d3       75%         3
 Portal Projectile        Hex/Tloc       2%         N/A       80%         3
 Vampiric Draining        Necr           1%         2d6       80%         3
 Vhi's Electric Charge    Tloc/Air       2%         N/A       80%         3
 Flame Wave               Conj/Fire      7%         2d5       90%         4
 Fulminant Prism          Conj/Hex       1%         3d5       98%         4
 Iskenderun's Mystic Bla  Conj/Tloc      3%         2d3       98%         4
 Anguish                  Hex/Necr       0%         N/A       99%         4
 Dispel Undead            Necr           1%         3d6       99%         4
 Ice Form                 Ice/Tmut       1%         N/A       99%         4
 Leda's Liquefaction      Hex/Erth       0%         N/A       99%         4
 Olgreb's Toxic Radiance  Pois           1%         N/A       99%         4
 Petrify                  Tmut/Erth      1%         N/A       99%         4
 Fireball                 Conj/Fire      3%         3d4       99%         5
 Agony                    Necr           1%         N/A       100%        5
 Alistair's Intoxication  Tmut/Pois      0%         N/A       100%        5
 Arcjolt                  Conj/Air       1%         1d11      100%        5
 Freezing Cloud           Conj/Ice/Air   1%         6-21      100%        5
 Lee's Rapid Deconstruct  Erth           0%         3d4*      100%        5
 Metabolic Englaciation   Hex/Ice        0%         N/A       100%        5
 Silence                  Hex/Air        0%         N/A       100%        5
 Plasma Beam              Fire/Air       3%         2x1d14    100%        6
 Starburst                Conj/Fire      3%         6d3       100%        6
 Statue Form              Tmut/Erth      0%         N/A       100%        6
 Discord                  Hex            0%         N/A       100%        8
 Ignition                 Fire           5%         3d4       100%        8
 Maxwell's Capacitive Co  Air            0%         ∞         100%        8
 Call Canine Familiar     Summ           Unusable   N/A       N/A         3
 Simulacrum               Ice/Necr       Unusable   N/A       N/A         6

Dungeon Overview and Level Annotations

Branches:
Dungeon (15/15)            Temple (1/1) D:4            Lair (5/5) D:9
  Swamp (0/4) Lair:2        Snake (4/4) Lair:3        Slime (0/5) Lair:4
    Orc (2/2) D:9             Elf (0/3) Orc:2        Vaults (0/5) D:13
 Depths (0/4) D:15          IceCv (visited)

Altars:
Ashenzari
Cheibriados
Elyvilon
Gozag
Hepliaklqana
Makhleb
Nemelex Xobeh
Okawaru
Qazlal
Ru
Sif Muna
Uskayaw
Vehumet
Wu Jian
Xom
Yredelemnul
Zin
Jiyva
Lugonu

Shops:
D:2 ?   D:3 [   D:11 !   Orc:2 *[[=*   Snake:3 **[*[

Portals:
Abyss: Lair:5

Annotations:
D:8 2 runed translucent doors
Lair:3 Nessos, Rupert
Lair:5 exclusion: oklob plant


Innate Abilities, Weirdness & Mutations

You have razor-sharp teeth.
Your natural rate of healing is unusually fast.
When hurt, damage is shared between your health and your magic reserves.
Your bite disrupts and absorbs the magic of your enemies.
Potions cannot restore your health.


Message History

The salamander tyrant closely misses you.
You block the salamander tyrant's attack.
Your system rejects the healing.
You feel better.
* * * LOW HITPOINT WARNING * * *
The naga ritualist's toxic aura wanes.
You block the naga warrior's attack.
The naga ritualist hits you but does no damage.
The naga ritualist constricts you. The salamander tyrant hits you.
* * * LOW HITPOINT WARNING * * *
You are engulfed in flames!
You resist.
* * * LOW HITPOINT WARNING * * *
You block the salamander tyrant's attack.
The salamander tyrant gazes fiercely through you!
You feel as though you will be weak longer.
The salamander tyrant hits you.
* * * LOW HITPOINT WARNING * * *
You are engulfed in flames.
You resist.
* * * LOW HITPOINT WARNING * * *
You punch the guardian serpent! You bite the guardian serpent.
The guardian serpent's magic leaks into the air.
You drain its magic.
You feel invigorated.
The guardian serpent is heavily wounded.
You block the guardian serpent's attack.
The naga warrior hits you with a +0 battleaxe!!
* * * LOW HITPOINT WARNING * * *
You block the naga ritualist's attack. The naga ritualist constricts you.
The salamander tyrant closely misses you.
The salamander tyrant barely misses you.
The salamander tyrant hits you!
* * * LOW HITPOINT WARNING * * *
You are engulfed in flames!
You resist.
* * * LOW HITPOINT WARNING * * *
You closely miss the guardian serpent. Your bite misses the guardian serpent.
The guardian serpent is heavily wounded.
The guardian serpent hits you.
* * * LOW HITPOINT WARNING * * *
You block the naga warrior's attack. The guardian serpent misses you.
The naga ritualist spits poison at you.
The splash of poison hits you but does no damage.
You resist. The naga ritualist constricts you.
You die...

..)....#..#.....#..##..####...# .
#.8.8.##..##.8.##..#...###...# N.
#.....#..########.)..[.##...##...
.........#......)..##.##.........
##...##.##...#...)[####..........
.#####..#....#...†..##N....##
.......##....#...).##...##..##
#..NN.##.......NNN##N..##....##
###'###...#....N@S#≈..##......##
.##.......##..###N)..##........#
.#.......###..# #≈'..##........#
.........###..###.#...##......##
..........#..###..##...##.N..##
.............#.....##...##..##
............#.......##....)##
............#........##......N..N
...........#..........##........N


You could see a naga warrior, 3 salamander tyrants, a naga ritualist (catching
breath) and a guardian serpent (magic disrupted).

Vanquished Creatures
  Jorgrun (Orc:1)
  Kirke (Lair:3)
  4 nagarajas
  2 frost giants (IceCv)
  Azrael (D:12)
  A white draconian (IceCv)
  Josephine (Lair:3)
  6 ice dragons (IceCv)
  5 hydras
  4 salamander tyrants
  3 catoblepae
  5 centaur warriors
  11 anacondas
  2 boulder beetles
  8 ironbound frosthearts (IceCv)
  6 two-headed ogres
  13 naga warriors
  10 death yaks
  2 tengu warriors
  2 thrashing horrors (Lair:5)
  Urug (D:12)
  11 naga sharpshooters
  2 shock serpents (Snake:3)
  4 salamander mystics
  4 skeletal warriors (D:15)
  3 bog bodies (Lair:2)
  A glowing orange brain (D:15)
  A sea snake (Snake:2)
  A skyshark (Lair:5)
  9 naga ritualists
  A death drake (shapeshifter) (D:15)
  A lindwurm (Lair:5)
  An orange crystal statue (IceCv)
  Pikel (D:6)
  A wizard (D:14)
  7 orc knights
  16 mana vipers
  3 deep elf pyromancers
  6 cyclopes
  25 ugly things
  4 manticores
  14 salamanders
  3 orc sorcerers
  4 elephants (Lair:5)
  Joseph (D:7)
  14 naga magi
  Maurice (D:8)
  10 slime creatures
  39 black mambas
  4 guardian serpents
  11 cane toads
  4 unseen horrors
  An unseen horror (shapeshifter) (Lair:5)
  2 gargoyles (D:13)
  4 smoke demons (Lair:5)
  A kobold demonologist (D:9)
  A freezing wraith (D:13)
  2 efreet
  19 rime drakes
  9 komodo dragons
  A yaktaur (D:15)
  A yaktaur (shapeshifter) (D:13)
  2 anaconda simulacra (Snake:2)
  A tengu conjurer (D:14)
  2 ancient zymes (Lair:5)
  5 polar bears
  6 trolls
  A hornet (Lair:2)
  23 blink frogs
  3 large abominations (Lair:5)
  5 dream sheep (Lair:5)
  2 vampires
  2 shadows
  A centaur simulacrum (D:15)
  A spriggan (Lair:5)
  5 wraiths
  7 hogs (Lair:3)
  5 wyverns
  4 water elementals
  2 ynoxinuls (Lair:5)
  3 fire elementals
  6 basilisks
  A yak (shapeshifter) (D:14)
  61 yaks
  A chaos spawn (Lair:5)
  15 humans
  A redback (D:14)
  Grum (D:8)
  4 vampire mosquitoes
  2 wargs
  A steam dragon (D:7)
  A harpy simulacrum (Snake:2)
  A swamp worm (Lair:2)
  45 nagas
  3 acid dragons
  13 water moccasins
  A hell hound (D:13)
  3 sky beasts
  2 black bears
  3 ice beasts
  31 orc warriors
  An alligator simulacrum (Snake:2)
  10 wolves
  A lemure (D:6)
  18 centaurs
  3 phantoms
  Blork the orc (D:6)
  A kobold brigand (D:7)
  13 bullfrogs
  3 scorpions
  4 deep troll simulacra (Snake:2)
  13 small abominations (Lair:5)
  3 wights (D:9)
  6 killer bees (D:9)
  5 howler monkeys
  6 electric eels
  A crimson imp (D:6)
  6 jellies
  A gnoll bouda (D:7)
  2 hounds
  15 orc priests
  Crazy Yiuf (D:7)
  4 iguanas
  25 orc wizards
  A human simulacrum (D:9)
  A mummy (D:8)
  4 gnolls
  12 adders
  A shadow imp (D:6)
  2 white imps
  2 ufetubi (D:4)
  A dart slug (D:1)
  80 orcs
  7 ball pythons
  7 endoplasms
  A giant cockroach (D:1)
  9 hobgoblins
  11 jackals
  6 kobolds
  A quokka (D:3)
  5 bats
  3 frilled lizards
  5 goblins
  5 rats
  A butterfly (Lair:3)
921 creatures vanquished.

Vanquished Creatures (others)
  An orc priest (Orc:1)
  An orc wizard (Orc:2)
  A human simulacrum (D:9)
  28 foxfires
31 creatures vanquished.

Grand Total: 952 creatures vanquished

Notes
Turn   | Place    | Note
-------+----------+-------------------------------------------
     0 | D:1      | Strat the Vine Stalker Fire Elementalist began the quest
                  | for the Orb.
     0 | D:1      | Reached XP level 1. HP: 9/9 MP: 4/4
   137 | D:1      | Reached skill level 1 in Unarmed Combat
   175 | D:1      | Reached XP level 2. HP: 14/14 MP: 4/6
   178 | D:1      | Learned a level 2 spell: Scorch
   346 | D:1      | Found a faded altar of an unknown god.
   477 | D:1      | Reached skill level 1 in Fighting
   477 | D:1      | Reached skill level 2 in Unarmed Combat
   477 | D:1      | Reached XP level 3. HP: 18/18 MP: 1/7
  1455 | D:2      | Found Zeuci's Magic Scroll Boutique.
  1463 | D:2      | Bought a scroll of identify for 24 gold pieces
  1673 | D:2      | Gained mutation: Your natural rate of healing is unusually
                  | fast. [Vine Stalker growth]
  1673 | D:2      | Reached XP level 4. HP: 17/22 MP: 3/8
  1780 | D:2      | Reached skill level 3 in Unarmed Combat
  2143 | D:3      | Found Jeum's Armour Shoppe.
  2336 | D:3      | Reached XP level 5. HP: 26/26 MP: 3/9
  2874 | D:4      | Reached skill level 4 in Unarmed Combat
  2906 | D:4      | Noticed a black bear
  3211 | D:4      | Reached XP level 6. HP: 27/30 MP: 3/10
  3306 | D:4      | Reached skill level 5 in Unarmed Combat
  3374 | D:4      | Found a staircase to the Ecumenical Temple.
  3382 | Temple   | Entered the Ecumenical Temple
  3420 | Temple   | Became a worshipper of Warmaster Okawaru
  3762 | D:5      | Entered Level 5 of the Dungeon
  4081 | D:5      | Reached skill level 6 in Unarmed Combat
  4089 | D:5      | Reached XP level 7. HP: 19/35 MP: 0/11
  4572 | D:5      | Reached skill level 7 in Unarmed Combat
  4596 | D:5      | Reached * piety under Okawaru
  5259 | D:6      | Reached skill level 8 in Unarmed Combat
  5419 | D:6      | Found a radiant altar of Vehumet.
  5439 | D:6      | Gained mutation: You have razor-sharp teeth. [Vine Stalker
                  | growth]
  5439 | D:6      | Reached XP level 8. HP: 39/39 MP: 12/12
  5452 | D:6      | Noticed Blork the orc
  5476 | D:6      | Killed Blork the orc
  5493 | D:6      | Noticed Pikel
  5505 | D:6      | Killed Pikel
  5505 | D:6      | Reached ** piety under Okawaru
  5506 | D:6      | Reached skill level 1 in Armour
  5638 | D:6      | Reached skill level 9 in Unarmed Combat
  5726 | D:6      | Reached XP level 9. HP: 44/44 MP: 7/13
  6098 | D:7      | Reached skill level 5 in Stealth
  6168 | D:7      | Learned a level 1 spell: Kiss of Death
  6172 | D:7      | Learned a level 3 spell: Confusing Touch
  6335 | D:7      | Noticed Joseph
  6638 | D:7      | Reached *** piety under Okawaru
  6808 | D:7      | Killed Joseph
  6809 | D:7      | Reached skill level 10 in Unarmed Combat
  6935 | D:7      | Reached **** piety under Okawaru
  7058 | D:7      | Found a runed translucent door.
  7059 | D:7      | Noticed Crazy Yiuf
  7067 | D:7      | Killed Crazy Yiuf
  7145 | D:7      | Reached skill level 5 in Fighting
  7599 | D:8      | Noticed Grum
  7629 | D:7      | Reached XP level 10. HP: 24/51 MP: 8/14
  7802 | D:8      | Killed Grum
  7803 | D:8      | Reached skill level 11 in Unarmed Combat
  7889 | D:8      | Found a runed translucent door.
  7907 | D:8      | Found a runed translucent door.
  7987 | D:8      | Noticed Maurice
  8048 | D:8      | Killed Maurice
  8685 | D:9      | Reached ***** piety under Okawaru
  8892 | D:9      | Found a staircase to the Lair.
  8920 | D:9      | Noticed an eight-headed hydra
  9032 | D:9      | Identified the +4 executioner's axe "Amifucs" {elec, rF++}
                  | (Okawaru gifted it to you on level 9 of the Dungeon)
  9032 | D:9      | Received a gift from Okawaru
  9162 | D:9      | Got the Vellum of the Enthralling Inferno
  9232 | D:9      | Reached skill level 5 in Armour
  9233 | D:9      | Noticed a cyclops
  9249 | D:9      | Killed a cyclops
  9250 | D:9      | Reached skill level 12 in Unarmed Combat
  9364 | D:9      | Noticed a kobold demonologist
  9637 | D:9      | Killed an eight-headed hydra
  9638 | D:9      | Reached skill level 1 in Invocations
  9731 | D:9      | Killed a kobold demonologist
  9732 | D:9      | Reached XP level 11. HP: 57/57 MP: 13/15
  9773 | D:9      | Found a staircase to the Orcish Mines.
 10160 | D:10     | Entered Level 10 of the Dungeon
 10395 | D:10     | Identified the ring of Hiuqib {rPois rC- rCorr EV+5 Int-3}
 11169 | D:10     | Noticed a two-headed ogre
 11187 | D:10     | Killed a two-headed ogre
 11367 | D:10     | Reached ****** piety under Okawaru
 11477 | D:11     | Noticed a manticore
 11544 | D:11     | Identified the +5 scale mail of Egaajaq {+Blink rF+ Slay-5}
                  | (Okawaru gifted it to you on level 11 of the Dungeon)
 11544 | D:11     | Received a gift from Okawaru
 11577 | D:11     | Noticed a two-headed ogre
 11587 | D:11     | Killed a two-headed ogre
 11701 | D:11     | Found a glowing silver altar of Zin.
 11838 | D:11     | Noticed a two-headed ogre
 12088 | D:11     | Killed a manticore
 12096 | D:11     | Found Gupnokku's Distillery.
 12343 | Lair:1   | Entered Level 1 of the Lair of Beasts
 12501 | Lair:1   | Reached XP level 12. HP: 54/63 MP: 13/16
 13876 | Lair:2   | Noticed a death yak
 13876 | Lair:2   | Noticed a death yak
 13876 | Lair:2   | Noticed a death yak
 13876 | Lair:2   | Noticed a death yak
 13876 | Lair:2   | Noticed a death yak
 13876 | Lair:2   | Noticed a death yak
 13888 | Lair:1   | Killed a death yak
 13889 | Lair:1   | Reached skill level 13 in Unarmed Combat
 13889 | Lair:1   | Reached skill level 5 in Invocations
 13895 | Lair:1   | Killed a death yak
 14147 | Lair:2   | Received a gift from Okawaru
 14444 | Lair:2   | Killed a death yak
 14641 | Lair:3   | Noticed Rupert
 14788 | Lair:3   | Noticed Kirke
 14921 | Lair:3   | Found a staircase to the Snake Pit.
 14943 | Lair:3   | Received a gift from Okawaru
 14944 | Lair:3   | Reached skill level 5 in Dodging
 15041 | Lair:3   | Reached XP level 13. HP: 67/69 MP: 18/18
 15297 | Lair:3   | Killed Kirke
 15419 | Lair:3   | Noticed Nessos
 15430 | Lair:3   | Noticed Josephine
 16053 | Lair:2   | Identified the +0 scale mail of the Shore {+Blink Int+2}
                  | (Okawaru gifted it to you on level 2 of the Lair of Beasts)
 16053 | Lair:2   | Received a gift from Okawaru
 16084 | Lair:2   | Found a staircase to the Swamp.
 16486 | Lair:3   | Killed Josephine
 16547 | Lair:3   | Reached skill level 14 in Unarmed Combat
 16694 | Lair:4   | Found a viscous altar of Jiyva.
 16723 | Lair:4   | Found a staircase to the Slime Pits.
 16896 | Lair:4   | Found a burning altar of Makhleb.
 17156 | Lair:4   | Identified a scroll of acquirement
 17156 | Lair:4   | Acquired 1121 gold pieces
 17288 | Lair:4   | Identified the +3 scimitar "Wettu" {heavy, rC+ Will+}
 17570 | Lair:5   | Entered Level 5 of the Lair of Beasts
 18014 | Lair:5   | Identified the +7 chain mail of the Bulwark {rN+ Str+4
                  | Slay-6} (Okawaru gifted it to you on level 5 of the Lair of
                  | Beasts)
 18014 | Lair:5   | Received a gift from Okawaru
 18067 | Lair:5   | Reached XP level 14. HP: 32/76 MP: 18/21
 18172 | Lair:5   | Reached skill level 1 in Shields
 18441 | Lair:5   | Reached skill level 10 in Fighting
 19679 | Lair:5   | Reached skill level 10 in Armour
 19745 | Lair:5   | Identified the +0 hat of the Old World {rC+ rCorr Int+3}
                  | (Okawaru gifted it to you on level 5 of the Lair of Beasts)
 19745 | Lair:5   | Received a gift from Okawaru
 19901 | Lair:5   | Reached skill level 15 in Unarmed Combat
 20063 | Lair:5   | Found a corrupted altar of Lugonu.
 20063 | Lair:5   | Found a one-way gate to the infinite horrors of the Abyss.
 20246 | Lair:3   | You fall into a shaft and drop 2 floors!
 20501 | Orc:1    | Entered Level 1 of the Orcish Mines
 20660 | Orc:1    | Noticed Jorgrun
 20681 | Orc:1    | Killed Jorgrun
 20921 | Orc:2    | Entered Level 2 of the Orcish Mines
 20975 | Orc:2    | Found a staircase to the Elven Halls.
 20978 | Orc:2    | Found Lourgh's Luxury Loot.
 21233 | Orc:2    | Reached skill level 1 in Evocations
 21309 | Orc:2    | Reached XP level 15. HP: 80/80 MP: 22/22
 21375 | Orc:2    | Bought a scroll of teleportation for 36 gold pieces
 21832 | Orc:2    | Found Fytzoz's Antique Armour Shop.
 21832 | Orc:2    | Found Fif Geil's Armour Shoppe.
 21834 | Orc:2    | Found Ankiomecs's Jewellery Emporium.
 21836 | Orc:2    | Found Upeavem's General Store.
 21859 | Orc:2    | Bought the +2 shield of Resistance {rF++ rC++ Will++} for
                  | 2397 gold pieces
 21859 | Orc:2    | Found the +2 shield of Resistance {rF++ rC++ Will++}
 22025 | D:12     | Noticed Urug
 22039 | D:12     | Killed Urug
 22039 | D:12     | Received a gift from Okawaru
 22372 | D:12     | Reached skill level 5 in Shields
 23208 | D:13     | Found a gate to the Vaults.
 23284 | D:13     | Reached skill level 16 in Unarmed Combat
 23408 | D:13     | Noticed Azrael
 23556 | D:12     | Killed Azrael
 23987 | D:13     | Found a basalt altar of Yredelemnul.
 24136 | D:13     | Found a shimmering altar of Xom.
 24529 | D:14     | Received a gift from Okawaru
 24578 | D:14     | Reached XP level 16. HP: 73/85 MP: 23/23
 24643 | D:14     | You fall into a shaft and drop 1 floor!
 24643 | D:15     | Entered Level 15 of the Dungeon
 24862 | D:14     | Found an opulent altar of Gozag.
 25496 | D:15     | Found a staircase to the Depths.
 25939 | D:15     | Reached skill level 17 in Unarmed Combat
 26047 | D:15     | Reached skill level 10 in Shields
 26535 | Snake:1  | Entered Level 1 of the Snake Pit
 26547 | Snake:1  | You fall into a shaft and drop 1 floor!
 26767 | Snake:2  | Found a frozen archway.
 26768 | Snake:2  | Noticed a nagaraja
 26797 | Snake:2  | Killed a nagaraja
 26836 | IceCv    | Entered an ice cave
 26848 | IceCv    | Received a gift from Okawaru
 27185 | IceCv    | Received a gift from Okawaru
 27254 | IceCv    | Received a gift from Okawaru
 27718 | Snake:1  | Reached XP level 17. HP: 80/89 MP: 24/24
 28357 | Snake:2  | Reached skill level 18 in Unarmed Combat
 28966 | Snake:2  | Received a gift from Okawaru
 29462 | Snake:3  | Found Wededut's Assorted Antiques.
 29908 | Snake:3  | Found Xauffug's Assorted Antiques.
 30008 | Snake:3  | Found Ypliruf's General Store.
 30010 | Snake:3  | Found Pal Jouph's Armour Boutique.
 30088 | Snake:3  | Reached skill level 5 in Evocations
 30154 | Snake:3  | Found an ornate altar of the Wu Jian Council.
 30276 | Snake:2  | Identified the +1 spear "Ypeom" {flame, Dex+3} (Okawaru
                  | gifted it to you on level 2 of the Snake Pit)
 30276 | Snake:2  | Received a gift from Okawaru
 30526 | Snake:3  | Reached skill level 10 in Invocations
 30543 | Snake:3  | Bought a vibrating glass ring for 160 gold pieces
 30543 | Snake:3  | Identified the ring of the Iron Devil {Ice Will+ rCorr
                  | Dex-5} (You bought it in a shop on level 3 of the Snake
                  | Pit)
 30608 | Snake:3  | Found Rusolab's Antique Armour Emporium.
 30976 | Snake:4  | Entered Level 4 of the Snake Pit
 31104 | Snake:4  | Received a gift from Okawaru
 31205 | Snake:4  | Reached skill level 19 in Unarmed Combat
 31305 | Snake:4  | Reached XP level 18. HP: 95/95 MP: 15/26
 32028 | Snake:4  | Identified the +8 short sword of Vanity {heavy, rPois rC+
                  | rN+} (Okawaru gifted it to you on level 4 of the Snake Pit)
 32028 | Snake:4  | Received a gift from Okawaru
 32477 | Snake:4  | HP: 4/96 [salamander tyrant (6)]
 32478 | Snake:4  | Constricted to death by a naga ritualist

Illustrated notes

Levels and vault maps discovered:
D:1:      nzn_arrival_settlement, layout_basic,
          dreamdust_ecumenical_altar_angels_and_demons, minmay_hedge_maze
D:2:      minmay_diamond_boxcup, layout_basic, serial_shops, nicolae_shop_trees
D:3:      layout_loops_ring, serial_shops, shop, kennysheep_generic_room_2
D:4:      layout_basic, minmay_temple_entry_overgrown
D:5:      layout_basic, glass_columns_a
D:6:      layout_gridville, lemuel_doored_altar, minmay_fire_ice_demons,
          uniq_blork_the_orc, uniq_pikel
D:7:      layout_cave_pods, serial_park, serial_park_avenue1,
          serial_park_tiny_1, serial_park_square1 [serial_park_minivault_5x5_4],
          serial_park_avenue1, serial_park_tiny_pond, kennysheep_generic_room_9,
          uniq_crazy_yiuf_cottage, uniq_joseph
D:8:      lemuel_insect_pit, layout_basic, gup_ossuary_entry_pyramid, uniq_grum,
          uniq_maurice
D:9:      layout_basic, david_lair_shrubbed, orc_0_dummy, bh_circular_ruins
D:10:     layout_loops_corners, serial_co_window_serial, co_window_corner_a,
          co_window_cross_1, co_window_paths_b, co_window_of_opportunity_a,
          co_window_corner_a, co_window_corner_b, co_window_corner_b,
          co_window_cross_3, co_window_2corner, co_window_unsneaky_path_c,
          glass_columns_a, glass_columns_a, glass_columns_a, glass_columns_a,
          glass_columns_b
D:11:     layout_small_grid, serial_shops, nicolae_shop_tiny_glass, hex_tiny,
          zin_treasury
D:12:     layout_basic, uniq_urug
D:13:     layout_rooms, david_vaults_3, hangedman_feature_mirror, uniq_azrael
D:14:     layout_big_octagon, nicolae_gozag_cash_rules_everything_around_me,
          minmay_microvault
D:15:     gammafunk_enter_depths_forms, layout_grid_maze, minivault_27
Temple:   nicolae_temple_bog_church
Lair:1:   layout_layer_cave, chequers_serial_rivers_small_a,
          serial_bayou_pond_a, cheibrodos_lair_caveside_slide, st_stairs_4,
          wad_woods_road_01, chequers_serial_rivers_micro_d
Lair:2:   layout_chaotic_city, nicolae_swamp_entry_splash_gauntlet
Lair:3:   layout_concentric_octagons, guppyfry_snake_entry_island,
          lemuel_fruit_fields, uniq_kirke, uniq_josephine, uniq_nessos,
          uniq_rupert
Lair:4:   layout_gridlike, nicolae_slime_entry_slimehenge, basic_altar,
          lemuel_fruit_tree
Lair:5:   hellmonk_lair_end_abyssal_woods, layout_cave_pods,
          infiniplex_staircase_pool_2
Snake:1:  layout_concentric_octagons, nicolae_snake_squiggles
Snake:2:  layout_chambers, portal_ice_cave_entry_ice_simulacra,
          grunt_megastairs_1, serial_bayou_shore_a
Snake:3:  layout_onion, serial_shops, nicolae_square_shop, nicolae_shop_crystal,
          shop, basic_altar, minmay_shoptagon
Snake:4:  johnstein_snake_rune_scales, layout_onion, grunt_megastairs_2
Orc:1:    layout_diamond_mine, minmay_orc_keep, uniq_jorgrun, uniq_sonja
Orc:2:    st_orc_rangers, layout_caves, basic_altar, nicolae_alphabet_shops

Skill      XL: |  1  2  3  4  5  6  7  8  9 10 11 12 13 14 15 16 17 18 |
---------------+-------------------------------------------------------+-----
Unarmed Combat | 1 2 3 4 6 8 9 10 12 13 14 15 16 17 19 | 19.6
Fighting       | 1 2 3 5 6 7 8 9 10 11 | 11.1
Armour         | 2 4 6 7 8 9 10 | 10.0
Stealth        | 4 5 |  5.0
Invocations    | 1 4 6 8 10 | 10.0
Dodging        | 3 5 6 8 |  8.3
Shields        | 4 8 12 | 12.5
Evocations     | 1 2 5 6 |  6.8
Spellcasting   | |  2.1
Conjurations   | |  1.0
Fire Magic     | |  3.0

Action                     |  1- 3 |  4- 6 |  7- 9 | 10-12 | 13-15 | 16-18 || total
---------------------------+-------+-------+-------+-------+-------+-------++-------
  Melee: Unarmed           |    31 |   134 |   243 |   745 |  1708 |  1471 ||  4332
         Bite              |     9 |    37 |    77 |   262 |   698 |   637 ||  1720
         Punch             |       |     5 |    12 |    33 |       |       ||    50
   Cast: Foxfire           |    17 |       |       |       |     1 |       ||    18
         Scorch            |    21 |    34 |    31 |     6 |     2 |       ||    94
 Invoke: Heroism           |       |       |       |     2 |     4 |     4 ||    10
  Evoke: Wand              |       |       |     1 |     7 |     9 |     1 ||    18
    Use: Scroll            |     2 |    12 |     8 |    10 |     7 |     5 ||    44
         Potion            |       |     1 |     1 |       |     5 |     6 ||    13
   Stab: Invisible         |       |     6 |       |       |       |       ||     6
         Sleeping          |       |       |     2 |     6 |     7 |    10 ||    25
         Distracted        |       |       |       |     3 |     3 |     2 ||     8
         Petrified         |       |       |       |       |     4 |       ||     4
         Paralysed         |       |       |       |       |       |     2 ||     2
 Armour: Robe              |     4 |       |       |       |       |       ||     4
         Ring mail         |     2 |    70 |    89 |   100 |       |       ||   261
         Troll leather arm |       |       |       |   143 |   337 |   171 ||   651
  Dodge: Dodged            |    26 |    71 |   125 |   470 |  1068 |   543 ||  2303
  Block: Buckler           |       |       |       |    42 |   237 |       ||   279
         Reflection        |       |       |       |       |    35 |   107 ||   142
         Kite shield       |       |       |       |       |   357 |  1255 ||  1612
